 Dungeon Crawl Stone Soup version 0.32-a0-953-g508020473e (webtiles) character file.

Game seed: 9572233395359993313

101854 DEFE the Prestidigitator (level 16, -1/122 HPs)
             Began as a Coglin Fighter on Apr 16, 2024.
             Was a High Priest of Vehumet.
             Slain by Kirke (11 damage)
             ... on level 1 of the Snake Pit.
             The game lasted 00:53:58 (38443 turns).

DEFE the Prestidigitator (Coglin Fighter)          Turns: 38443, Time: 00:53:59

Health: -1/122     AC: 12    Str: 10    XL:     16   Next: 31%
Magic:  14/32      EV: -1    Int: 17    God:    Vehumet [*****.]
Gold:   1273       SH:  0    Dex: 19    Spells: 17/39 levels left

rFire   + . .        d - staff of earth {Ramón}
rCold   . . .        f - staff of alchemy {Beli-Ashared}
rNeg    . . .        w - +1 swamp dragon scales
rPois   +            U - +2 hat
rElec   +            (no cloak)
rCorr   +            k - +1 pair of gloves "Ycoclaommi" {rElec rCorr Str-5 Int+3}
SInv    .            (no boots)
Will    ++...        (amulet unavailable)
Stlth   +            (ring unavailable)
HPRegen 1.20/turn    (ring unavailable)
MPRegen 0.63/turn    V - retrosamoflange Ver.74 {rF+ Regen+ RegenMP+ Slay+3}

%: no passive effects
@: lethally poisoned (-1 -> -2), about to teleport, very slightly contaminated,
constricted, revving
A: off-hand wielding, slow wielding, warmup strikes, no jewellery, agile 1,
strong-willed 1
a: Renounce Religion


You were on level 1 of the Snake Pit.
You worshipped Vehumet.
Vehumet was extremely pleased with you.
You visited 4 branches of the dungeon, and saw 23 of its levels.
You also visited: Sewer and Bailey.

You collected 2659 gold pieces.
You spent 1386 gold pieces at shops.

Inventory:

Hand Weapons
 a - a +0 flail {Jingyi}
 l - a +2 hand axe of flaming {Guillermo}
 r - a +4 dagger of electrocution {Yuxuan}
 u - a +1 dagger of venom {Mei}
 E - a +0 demon whip of electrocution
Missiles
 W - a throwing net (quivered)
Armour
 c - the +3 ring mail "Torio" {rElec Str+3}
   (You bought it in a shop on level 2 of the Orcish Mines)

   Str+3:     It affects your strength (+3).
   rElec:     It insulates you from electricity.
 k - the +1 pair of gloves "Ycoclaommi" (worn) {rElec rCorr Str-5 Int+3}
   (You acquired it on level 8 of the Dungeon)

   Str-5:     It affects your strength (-5).
   Int+3:     It affects your intelligence (+3).
   rElec:     It insulates you from electricity.
   rCorr:     It protects you from acid and corrosion.
 w - +1 swamp dragon scales (worn)
 H - a +0 troll leather armour
 T - a scarf of invisibility
 U - a +2 hat (worn)
Magical Staves
 d - a staff of earth (weapon) {Ramón}
 f - a staff of alchemy (offhand) {Beli-Ashared}
 p - a staff of earth {Ichio}
Gizmo
 V - a retrosamoflange Ver.74 (installed) {rF+ Regen+ RegenMP+ Slay+3}
   (You invented it yourself on level 4 of the Lair of Beasts)

   [retrosamoflange Ver.74]

   Slay+3:    It affects your accuracy & damage with ranged weapons and melee
   (+3).
   rF+:       It protects you from fire.
   Regen+:    It increases your rate of health regeneration.
   RegenMP+:  It increases your rate of magic regeneration.
Wands
 y - a wand of flame (24)
 I - a wand of light (3)
 Q - a wand of polymorph (2)
 S - a wand of digging (1)
Scrolls
 b - a scroll of silence
 g - 5 scrolls of vulnerability
 h - a scroll of enchant armour
 j - 3 scrolls of fog
 m - 8 scrolls of teleportation
 q - 2 scrolls of noise
 s - 4 scrolls of poison
 v - 6 scrolls of brand weapon
 x - 3 scrolls of revelation
 K - 5 scrolls of enchant weapon
 L - 3 scrolls of immolation
 P - 4 scrolls of amnesia
Potions
 e - 5 potions of lignification
 i - a potion of resistance
 n - 2 potions of haste
 o - a potion of cancellation
 t - 4 potions of brilliance
 z - 4 potions of might
 A - 8 potions of mutation
 B - 3 potions of invisibility
 C - 3 potions of heal wounds
 F - 3 potions of attraction
 G - a potion of berserk rage
 J - 6 potions of curing
 M - 2 potions of magic
 N - 2 potions of ambrosia
 O - 2 potions of enlightenment
Miscellaneous
 D - a sack of spiders


   Skills:
 - Level 10.0 Fighting
 - Level 3.0 Maces & Flails
 - Level 2.6 Armour
 - Level 2.1 Shields
 + Level 12.0 Spellcasting
 + Level 12.3 Conjurations
 - Level 10.1 Fire Magic
 - Level 8.6 Earth Magic
 + Level 8.6 Alchemy
 - Level 14.0 Evocations


You had 17 spell levels left.
You knew the following spells:

 Your Spells              Type           Power      Damage    Failure   Level
a - Scorch                Fire           88%        2d8       1%          2
b - Stone Arrow           Conj/Erth      100%       3d13      1%          3
c - Eringya's Noxious Bo  Alch           28%        4d6       19%         6
d - Starburst             Conj/Fire      24%        6d8       7%          6
e - Iskenderun's Battles  Conj           51%        2d10      1%          5

Your spell library contained the following spells:

 Spells                   Type           Power      Damage    Failure   Level
 Ozocubu's Refrigeration  Ice            5%         4d8       100%        7
 Kiss of Death            Conj/Necr      100%       2d13      1%          1
 Magic Dart               Conj           100%       1d8       1%          1
 Inner Flame              Hex/Fire       27%        N/A       1%          3
 Flame Wave               Conj/Fire      48%        2d12      1%          4
 Ignite Poison            Fire/Alch      59%        N/A       1%          4
 Sticky Flame             Fire/Alch      59%        2d10      1%          4
 Iskenderun's Mystic Bla Conj/Tloc 31%            2d8        (+2d4     3%          4
 Leda's Liquefaction      Alch/Erth      36%        N/A       4%          4
 Petrify                  Alch/Erth      73%        N/A       4%          4
 Cigotuvi's Dreadful Rot  Necr/Alch/Air  60%        N/A       8%          2
 Alistair's Intoxication  Alch           37%        N/A       13%         5
 Apportation              Tloc           20%        N/A       17%         1
 Necrotise                Necr           40%        1d6       17%         1
 Freezing Cloud           Conj/Ice/Air   12%        6-21      22%         5
 Blink                    Tloc           20%        N/A       26%         2
 Call Imp                 Summ           20%        N/A       26%         2
 Jinxbite                 Hex            20%        N/A       26%         2
 Lesser Beckoning         Tloc           20%        N/A       26%         2
 Call Canine Familiar     Summ           10%        N/A       45%         3
 Confusing Touch          Hex            10%        N/A       45%         3
 Maxwell's Portable Pile  Tloc           10%        2d(6-16)  45%         3
 Sigil of Binding         Hex            10%        N/A       45%         3
 Teleport Other           Tloc           10%        N/A       45%         3
 Tukima's Dance           Hex            10%        N/A       45%         3
 Vampiric Draining        Necr           10%        2d6       45%         3
 Dimensional Bullseye     Hex/Tloc       5%         N/A       86%         4
 Dispel Undead            Necr           10%        3d9       86%         4
 Martyr's Knell           Necr/Summ      10%        N/A       86%         4
 Curse of Agony           Necr           10%        N/A       99%         5
 Metabolic Englaciation   Hex/Ice        5%         N/A       99%         5
 Sculpt Simulacrum        Ice/Alch       18%        N/A       99%         6
 Magnavolt                Erth/Air       18%        3d13      99%         7
 Death Channel            Necr           5%         N/A       100%        6
 Rimeblight               Ice/Necr       5%         2d4       (prima100%   7
 Maxwell's Capacitive Co  Air            5%         ∞         100%        8


Dungeon Overview and Level Annotations

Branches:
Dungeon (15/15)            Temple (0/1) D:4            Lair (5/5) D:9
 Shoals (0/4) Lair:3        Snake (1/4) Lair:3        Slime (0/5) Lair:4
    Orc (2/2) D:11            Elf (0/3) Orc:2        Vaults (0/5) D:14
 Depths (0/4) D:15          Sewer (visited)          Bailey (visited)

Altars:
Ashenzari
Cheibriados
Dithmenos
Hepliaklqana
Makhleb
Okawaru
Ru
Uskayaw
Vehumet
Xom
Yredelemnul
Zin
The Shining One
Beogh
Jiyva

Shops:
D:4 *   D:6 :   D:7 *   D:8 ?   D:13 [   Orc:2 =!***:*(

Annotations:
D:2 1 runed translucent door, Crazy Yiuf
D:4 3 runed translucent doors, zorb987's ghost, amateur MiFi
D:7 2 transporters, zyxw121's ghost, novice HuBr
Snake:1 Kirke


Innate Abilities, Weirdness & Mutations

You can wield a second weapon in your off-hand.
It takes a long time for you to wield or remove held weapons.
Your first few attacks do less damage.
You cannot equip rings or amulets.
You are agile. (Dex +4, Str/Int -1)
You are strong-willed. (Will+)


Message History

Press: ? - help, Shift-Dir - straight line, f/p - mana viper
Aim: a mana viper (heavily wounded, extremely poisoned, 66% to hit)
You feel a surge of power!
The stone arrow hits the mana viper!!
You kill the mana viper!
Vehumet accepts your kill.
You feel your power returning.
The hog squeals angrily.
Your noxious spew wanes.
You feel sick.
A hog comes into view.
Unknown command.
You feel sick. The anaconda barely misses you. The anaconda bites you.
The hog bites you. The anaconda grabs you.
You stop ascending the stairs.
The anaconda bites you but does no damage.
The anaconda constricts you.
Unknown command.
Unknown command.
Unknown command.
Unknown command.
Unknown command.
As you read the scroll of teleportation, it crumbles to dust.
You feel strangely unstable.
You feel sick. The anaconda bites you! The anaconda constricts you.
The hog bites you. Kirke hits you!
* * * LOW HITPOINT WARNING * * *
The anaconda bites you but does no damage.
The anaconda constricts you.
* * * LOW HITPOINT WARNING * * *
Unknown command.
You hit the lindwurm with your staff of earth!
The ground beneath the lindwurm fractures!
The lindwurm is moderately wounded.
You hit the lindwurm but do no damage.
You feel sick. The hog bites you!
* * * LOW HITPOINT WARNING * * *
The anaconda bites you but does no damage.
The anaconda constricts you.
* * * LOW HITPOINT WARNING * * *
The hog bites you.
* * * LOW HITPOINT WARNING * * *
Kirke hits you!
You die...

.. .# ###. .#
..... .#
.....###.#
....hh...##
.......h..#
#.....h@..####
#..h@S....#
#..k...#...#
#.........# #
#..##....## ##
#...## ##.##
.. ..


You could see Kirke, an anaconda, a lindwurm (summoned) and 5 hogs.

Vanquished Creatures
  An orc warlord (Bailey)
  An ironbound thunderhulk (D:14)
  Azrael (D:15)
  Josephine (D:10)
  5 hydras
  Fannar (D:10)
  2 rakshasas (D:15)
  An ogre mage (D:15)
  5 centaur warriors
  10 two-headed ogres
  3 boulder beetles
  3 catoblepae
  3 tengu warriors
  4 death yaks
  6 orc high priests
  Nergalle (D:12)
  2 skysharks
  An arcanist (D:13)
  A mana viper (Snake:1)
  A sun moth (D:12)
  Pikel (D:9)
  A necromancer (D:15)
  2 obsidian bats
  A lindwurm (Lair:4)
  2 deep elf zephyrmancers (Orc:2)
  5 orc knights
  A salamander (Lair:3)
  A will-o-the-wisp (D:15)
  12 deep elf pyromancers
  4 oklob plants
  5 manticores
  3 meliai (D:14)
  3 ugly things (D:14)
  3 orc sorcerers (D:15)
  3 cyclopes
  10 elephants
  2 merfolk sirens (Lair:3)
  2 kobold blastminers (Orc:2)
  3 black mambas
  A torpor snail (Lair:5)
  A gargoyle (D:12)
  An unseen horror (shapeshifter) (D:15)
  15 cane toads
  2 rime drakes
  Maggie (D:8)
  2 kobold demonologists (D:12)
  2 centaur skeletons (D:15)
  4 efreet
  3 tengu conjurers (D:15)
  8 komodo dragons
  A freezing wraith (D:15)
  4 trolls
  A troll (shapeshifter) (D:12)
  A hornet (D:10)
  2 polar bears (Lair:5)
  Grinder (D:3)
  9 dream sheep
  5 blink frogs
  15 slime creatures
  4 shadows
  A centaur simulacrum (D:15)
  Sigmund (D:6)
  3 wraiths (D:10)
  56 yaks
  3 fire elementals (D:15)
  4 wyverns
  2 hogs (Snake:1)
  Grum (D:8)
  9 vampire mosquitoes
  6 basilisks
  4 steam dragons
  3 wargs
  3 humans (D:14)
  Menkaure (D:4)
  3 acid dragons
  15 water moccasins
  A hell hound (D:15)
  35 orc warriors
  2 laughing skulls (D:14)
  2 sky beasts
  A black bear (D:5)
  9 ogres
  9 wolves
  8 centaurs
  5 kobold brigands
  A lemure (D:9)
  A phantom (D:6)
  Blork the orc (D:6)
  2 brain worms (Sewer)
  15 bullfrogs
  5 gnoll sergeants (D:11)
  4 scorpions (D:5)
  14 killer bees
  9 electric eels
  3 howler monkeys
  3 lava snakes (Lair:3)
  A bombardier beetle (D:5)
  A quasit (D:7)
  32 orc priests
  A gnoll bouda (D:7)
  3 jellies
  Terence (D:2)
  5 hell rats
  Natasha (thrice) (D:2)
  An iguana (D:5)
  12 orc wizards
  17 adders
  10 gnolls
  2 river rats (Sewer)
  6 shadow imps
  6 white imps (D:7)
  5 ufetubi
  A dart slug (D:1)
  3 ribbon worms
  81 orcs
  7 ball pythons
  7 endoplasms
  4 giant cockroaches
  10 goblins
  16 hobgoblins
  6 jackals (D:2)
  2 quokkas
  5 bats
  15 frilled lizards
  24 kobolds
  10 rats
742 creatures vanquished.

Vanquished Creatures (collateral kills)
  A boulder beetle (D:12)
  A gargoyle (D:12)
  A troll (D:12)
  A vampire mosquito (D:12)
  A water moccasin (D:7)
  An orc warrior (D:7)
  An orc (D:7)
7 creatures vanquished.

Vanquished Creatures (others)
  A harpy zombie (D:15)
1 creature vanquished.

Grand Total: 750 creatures vanquished

Notes
Turn   | Place    | Note
-------+----------+-------------------------------------------
     0 | D:1      | DEFE the Coglin Fighter began the quest for the Orb.
     0 | D:1      | Reached XP level 1. HP: 18/18 MP: 1/1
    80 | D:1      | Found a faded altar of an unknown god.
   127 | D:1      | Prayed at the altar of an unknown god.
   127 | D:1      | Became a worshipper of Vehumet
   127 | D:1      | Reached * piety under Vehumet
   127 | D:1      | Offered knowledge of Foxfire by Vehumet.
   233 | D:1      | Reached XP level 2. HP: 24/24 MP: 2/2
   878 | D:2      | Found a runed translucent door.
   879 | D:2      | Noticed Crazy Yiuf
   920 | D:2      | Reached XP level 3. HP: 26/29 MP: 2/4
  1056 | D:2      | Reached skill level 1 in Spellcasting
  1076 | D:2      | Offered knowledge of Scorch by Vehumet.
  1079 | D:2      | Reached ** piety under Vehumet
  1083 | D:2      | Learned a level 2 spell: Scorch
  1142 | D:2      | Noticed Terence
  1153 | D:2      | Killed Terence
  1154 | D:2      | Reached skill level 1 in Fire Magic
  1154 | D:2      | Reached XP level 4. HP: 27/35 MP: 4/6
  1242 | D:2      | Noticed Natasha
  1248 | D:2      | Killed Natasha
  1346 | D:2      | Reached XP level 5. HP: 38/41 MP: 8/8
  1510 | D:2      | Noticed Natasha
  1516 | D:2      | Killed Natasha
  1615 | D:2      | Noticed Natasha
  1619 | D:2      | Killed Natasha
  1756 | D:3      | Offered knowledge of Stone Arrow by Vehumet.
  1770 | D:3      | Learned a level 3 spell: Stone Arrow
  2089 | D:3      | Reached *** piety under Vehumet
  2147 | D:3      | Reached XP level 6. HP: 47/47 MP: 10/10
  2165 | D:3      | Noticed Grinder
  2166 | D:3      | Paralysed by Grinder for 3 turns
  2171 | D:3      | Paralysed by Grinder for 3 turns
  2180 | D:3      | Paralysed by Grinder for 3 turns
  2184 | D:3      | Killed Grinder
  2282 | D:3      | Noticed a water moccasin
  2288 | D:3      | Killed a water moccasin
  2289 | D:3      | Reached XP level 7. HP: 50/52 MP: 2/13
  2918 | D:4      | Found a shimmering altar of Xom.
  2924 | D:4      | Found a radiant altar of Vehumet.
  2926 | D:4      | Found a basalt altar of Yredelemnul.
  2926 | D:4      | Found a shadowy altar of Dithmenos.
  2926 | D:4      | Found an iron altar of Okawaru.
  2927 | D:4      | Found a hazy altar of Hepliaklqana.
  2931 | D:4      | Found a glowing silver altar of Zin.
  3011 | D:4      | Found a runed translucent gate.
  3011 | D:4      | Noticed zorb987's ghost (amateur MiFi)
  3012 | D:4      | Found a runed translucent gate.
  3013 | D:4      | Found a runed translucent gate.
  3046 | D:4      | Noticed Menkaure
  3060 | D:4      | Killed Menkaure
  3061 | D:4      | Reached skill level 1 in Conjurations
  3281 | D:4      | Found a broken altar of Ashenzari.
  3282 | D:4      | Found a staircase to the Ecumenical Temple.
  3361 | D:4      | Offered knowledge of Inner Flame by Vehumet.
  3451 | D:4      | Found Emyabe Ried's General Store.
  3460 | D:4      | Bought a potion of might for 40 gold pieces
  3645 | D:4      | Found a roughly hewn altar of Beogh.
  3679 | D:5      | Entered Level 5 of the Dungeon
  3725 | D:5      | Found a glowing drain.
  3749 | Sewer    | Entered a sewer
  3894 | Sewer    | Reached XP level 8. HP: 42/58 MP: 11/14
  4229 | D:5      | Found a glowing golden altar of the Shining One.
  4249 | D:5      | Reached **** piety under Vehumet
  4354 | D:5      | Reached skill level 5 in Fire Magic
  4769 | D:5      | Reached skill level 5 in Spellcasting
  5046 | D:5      | Offered knowledge of Hailstorm by Vehumet.
  5507 | D:5      | Noticed a shadow
  5523 | D:5      | Killed a shadow
  5524 | D:5      | Reached XP level 9. HP: 36/63 MP: 5/17
  6756 | D:6      | Noticed Sigmund
  6767 | D:6      | Killed Sigmund
  7496 | D:6      | Found Cypucw's Self-Published Books.
  7530 | D:6      | Noticed Blork the orc
  7534 | D:6      | Killed Blork the orc
  7535 | D:6      | Reached skill level 1 in Earth Magic
  7688 | D:6      | Reached skill level 5 in Conjurations
  8817 | D:7      | Found Joxunat's Profane Products.
  9701 | D:7      | Reached ***** piety under Vehumet
  9889 | D:7      | Noticed zyxw121's ghost (novice HuBr)
  9890 | D:7      | Found a transporter.
  9890 | D:7      | Identified the +7 dire flail of the Teaching Sybil {drain,
                  | rCorr Str-3 Int+2 Dex+7}
  9890 | D:7      | Noticed a two-headed ogre
  9896 | D:7      | Found a transporter.
  9963 | D:7      | Found a burning altar of Makhleb.
  9977 | D:7      | Offered knowledge of Irradiate by Vehumet.
 10009 | D:8      | Reached XP level 10. HP: 70/70 MP: 20/20
 10090 | D:8      | Noticed Maggie
 10109 | D:8      | Killed Maggie
 10110 | D:8      | Reached skill level 1 in Evocations
 10558 | D:8      | Noticed a centaur warrior
 10570 | D:8      | Killed a centaur warrior
 10571 | D:8      | Reached skill level 2 in Evocations
 10765 | D:8      | Found Vymy's Magic Scroll Boutique.
 10776 | D:8      | Bought a scroll of blinking for 97 gold pieces
 10776 | D:8      | Bought a scroll of identify for 26 gold pieces
 10776 | D:8      | Bought a scroll of identify for 26 gold pieces
 10776 | D:8      | Bought a scroll of identify for 26 gold pieces
 10776 | D:8      | Bought a scroll of teleportation for 39 gold pieces
 10776 | D:8      | Bought a scroll of teleportation for 39 gold pieces
 10777 | D:8      | Identified a scroll of acquirement
 10809 | D:8      | Acquired the +1 pair of gloves "Ycoclaommi" {rElec rCorr
                  | Str-5 Int+3}
 11269 | D:8      | Noticed Grum
 11276 | D:8      | Reached skill level 3 in Evocations
 11282 | D:8      | Killed Grum
 12200 | D:9      | Noticed Pikel
 12216 | D:9      | Killed Pikel
 12344 | D:9      | Found a flagged portal.
 12352 | Bailey   | Entered a bailey
 12357 | Bailey   | Noticed an orc warlord
 12440 | Bailey   | Reached skill level 4 in Evocations
 12723 | Bailey   | Found a runed translucent gate.
 12726 | Bailey   | Found a runed translucent gate.
 12727 | Bailey   | Found a runed translucent gate.
 12882 | Bailey   | Gained mutation: You are agile. (Dex +4, Str/Int -1)
                  | [potion of mutation]
 12882 | Bailey   | Gained mutation: You are strong-willed. (Will+) [potion of
                  | mutation]
 12884 | Bailey   | Killed an orc warlord
 12885 | Bailey   | Reached XP level 11. HP: 18/75 MP: 0/22
 13063 | Bailey   | Acquired 495 gold pieces
 13118 | D:9      | Reached skill level 5 in Evocations
 13763 | D:9      | Found a hide-covered altar of Uskayaw.
 13940 | D:9      | Found a sacrificial altar of Ru.
 14094 | D:9      | Reached skill level 5 in Earth Magic
 14229 | D:9      | Found a staircase to the Lair.
 14430 | D:10     | Entered Level 10 of the Dungeon
 14448 | D:10     | Noticed a two-headed ogre
 14452 | D:10     | Killed a two-headed ogre
 14453 | D:10     | Reached skill level 6 in Evocations
 14615 | D:10     | Noticed Fannar
 15389 | D:10     | Killed Fannar
 15580 | D:10     | Noticed a two-headed ogre
 15583 | D:10     | Killed a two-headed ogre
 15584 | D:10     | Reached skill level 7 in Evocations
 15711 | D:10     | Noticed Josephine
 15719 | D:10     | Killed Josephine
 15724 | D:10     | Noticed a two-headed ogre
 15740 | D:10     | Killed a two-headed ogre
 15741 | D:10     | Reached XP level 12. HP: 20/81 MP: 15/24
 16246 | D:10     | Noticed a two-headed ogre
 16249 | D:10     | Killed a two-headed ogre
 16548 | D:11     | Noticed a two-headed ogre
 16552 | D:11     | Killed a two-headed ogre
 16727 | D:11     | Offered knowledge of Eringya's Noxious Bog by Vehumet.
 16731 | D:11     | Reached skill level 8 in Evocations
 17242 | D:11     | Found a staircase to the Orcish Mines.
 17987 | Lair:1   | Entered Level 1 of the Lair of Beasts
 19330 | Lair:1   | Reached skill level 9 in Evocations
 20175 | Lair:2   | Noticed a five-headed hydra
 20182 | Lair:2   | Killed a five-headed hydra
 20322 | Lair:2   | Found a snail-covered altar of Cheibriados.
 20470 | Lair:1   | Reached XP level 13. HP: 34/88 MP: 6/26
 20962 | Lair:2   | Reached skill level 10 in Fire Magic
 22060 | Lair:3   | Reached skill level 10 in Evocations
 22150 | Lair:3   | Found a staircase to the Snake Pit.
 23097 | Lair:3   | Found a staircase to the Shoals.
 23550 | Lair:4   | Reached skill level 5 in Fighting
 23829 | Lair:4   | Learned a level 6 spell: Eringya's Noxious Bog
 24979 | Lair:4   | Found a viscous altar of Jiyva.
 24981 | Lair:4   | Found a staircase to the Slime Pits.
 25011 | Lair:4   | Offered knowledge of Starburst by Vehumet.
 25436 | Lair:4   | Reached skill level 11 in Evocations
 25496 | Lair:4   | Reached skill level 10 in Spellcasting
 25778 | Lair:4   | Reached XP level 14. HP: 64/100 MP: 10/28
 25876 | Lair:4   | Acquired a retrosamoflange Ver.74 {rF+ Regen+ RegenMP+
                  | Slay+3}
 25923 | Lair:4   | Reached skill level 10 in Conjurations
 26007 | Lair:4   | Learned a level 6 spell: Starburst
 26342 | Lair:5   | Entered Level 5 of the Lair of Beasts
 26391 | Lair:5   | Reached skill level 1 in Alchemy
 27855 | Lair:5   | Reached skill level 12 in Evocations
 29580 | Lair:5   | Offered knowledge of Iskenderun's Battlesphere by Vehumet.
 29892 | Lair:5   | Learned a level 5 spell: Iskenderun's Battlesphere
 30239 | D:12     | Noticed Nessos
 30266 | D:12     | Nessos changed into Nessos the sun moth
 30266 | D:12     | Noticed Nessos
 30271 | D:12     | Killed Nessos the sun moth
 30786 | D:12     | Noticed Nergalle
 30790 | D:12     | Killed Nergalle
 31140 | D:12     | Reached skill level 5 in Alchemy
 31608 | Orc:1    | Entered Level 1 of the Orcish Mines
 31694 | D:11     | Reached XP level 15. HP: 110/110 MP: 23/29
 31774 | Orc:1    | Found a roughly hewn altar of Beogh.
 31787 | Orc:1    | Reached skill level 13 in Evocations
 31940 | Orc:2    | Entered Level 2 of the Orcish Mines
 32099 | Orc:2    | Found Zeteq's General Store.
 32239 | Orc:2    | Bought a scroll of blinking for 82 gold pieces
 32239 | Orc:2    | Bought a wand of roots (1) for 26 gold pieces
 32259 | Orc:2    | Found a staircase to the Elven Halls.
 32268 | Orc:2    | Found Fokeq's Jewellery Shop.
 32316 | Orc:2    | Found a roughly hewn altar of Beogh.
 32345 | Orc:2    | Found Qitoy's General Store.
 32384 | Orc:2    | Bought a scroll of teleportation for 45 gold pieces
 32384 | Orc:2    | Bought a potion of enlightenment for 75 gold pieces
 32397 | Orc:2    | Found Jacka's Book Boutique.
 32846 | Orc:2    | Offered knowledge of Arcjolt by Vehumet.
 33373 | Orc:2    | Found Ziras's Jewellery Emporium.
 33376 | Orc:2    | Found Puosic's General Store.
 33377 | Orc:2    | Found Tam Luz's Assorted Antiques.
 33378 | Orc:2    | Found Nute Nes's Distillery.
 33389 | Orc:2    | Bought a bubbling blue potion for 27 gold pieces
 33389 | Orc:2    | Bought a dazzling ring mail for 279 gold pieces
 33389 | Orc:2    | Identified the +3 ring mail "Torio" {rElec Str+3} (You
                  | bought it in a shop on level 2 of the Orcish Mines)
 33389 | Orc:2    | Bought a bubbling blue potion for 27 gold pieces
 33389 | Orc:2    | Bought a scroll of identify for 62 gold pieces
 33389 | Orc:2    | Bought a scroll of identify for 62 gold pieces
 33389 | Orc:2    | Bought a scroll labelled LUOTYI XAJOTZ for 31 gold pieces
 33416 | Orc:2    | Bought a potion of curing for 39 gold pieces
 33416 | Orc:2    | Bought a potion of heal wounds for 65 gold pieces
 33416 | Orc:2    | Bought a potion of heal wounds for 65 gold pieces
 33416 | Orc:2    | Bought 2 potions of invisibility for 208 gold pieces
 33572 | Orc:2    | Found Feqaupaa's Antique Weapon Boutique.
 34187 | D:13     | Found Qomulonn's Armour Emporium.
 34917 | D:14     | Reached skill level 14 in Evocations
 35980 | D:14     | Found a gate to the Vaults.
 36344 | D:15     | Entered Level 15 of the Dungeon
 36344 | D:15     | Noticed Azrael
 36879 | D:14     | Offered knowledge of Ozocubu's Refrigeration by Vehumet.
 37038 | D:15     | Killed Azrael
 37039 | D:15     | Reached XP level 16. HP: 21/120 MP: 27/31
 37885 | D:15     | Reached skill level 10 in Fighting
 37916 | D:15     | Found a staircase to the Depths.
 38432 | Snake:1  | Entered Level 1 of the Snake Pit
 38433 | Snake:1  | Noticed Kirke
 38443 | Snake:1  | Slain by Kirke

Illustrated notes

Levels and vault maps discovered:
D:1:      evilmike_arrival_hilbert_curve, layout_loops_corners,
          ebering_ecumenical_altar_ruins
D:2:      layout_loops_cross, kennysheep_generic_room_3,
          uniq_crazy_yiuf_cottage, uniq_terence, uniq_natasha
D:3:      layout_basic, uniq_grinder
D:4:      layout_cave_pools, minitemple, overflow_temple_1_default,
          temple_statues, serial_shops, shop, biasface_ghost_orc_armoury,
          uniq_menkaure
D:5:      cheibrodos_two_vegetables, layout_basic, tso_altar,
          cheibrodos_sewer_entry_drain
D:6:      layout_gridville, nicolae_custom_books, lexackson_kobold_supper,
          uniq_blork_the_orc, uniq_sigmund
D:7:      layout_loops_ring, kennysheep_mini_moat, serial_demonic,
          serial_demonic_c, serial_demonic_d, serial_demonic_g,
          serial_demonic_a, serial_demonic_g, serial_demonic_f,
          gammafunk_ghost_smash, nicolae_evil_shop
D:8:      layout_loops_ring, serial_shops, nicolae_shop_just_a_little_nook,
          uniq_grum, uniq_maggie
D:9:      layout_gridville, nicolae_uskayaw_suspiria, lemuel_round_altar,
          grunt_lair_entry_orc_guard_hut, enter_bailey_2, uniq_pikel
D:10:     layout_basic, uniq_fannar, uniq_josephine
D:11:     layout_loops_ring, kennysheep_orc_monster_closet_entryway
D:12:     layout_irregular_city, st_stairs_4, uniq_nessos, uniq_nergalle
D:13:     cheibrodos_orc_bank, layout_rooms, serial_shops, shop
D:14:     layout_stronghold, hellmonk_vaults_keyhole
D:15:     grunt_enter_depths_magical_seal, layout_cave_pools, pond, uniq_azrael
Lair:1:   layout_cave_pods, minmay_lair_oklob_items, grunt_megastairs_3
Lair:2:   layout_regular_city, basic_altar, grunt_megastairs_5,
          lemuel_fruit_tree
Lair:3:   layout_big_grid, elwin_shoals_entry_rooms,
          nicolae_snake_entry_warm_welcome
Lair:4:   minmay_lair_venomous_thicket, layout_regular_city,
          minmay_slime_entry_oklob_enclosed, chequers_serial_rivers_micro_b,
          serial_bayou_pond_c, nzn_random_ring
Lair:5:   hangedman_lair_in_review, layout_long_grid, serial_bayou_shore_a
Snake:1:  layout_honeycomb, serial_shops, shop, uniq_aizul, uniq_kirke
Orc:1:    layout_caves, kennysheep_orc_chapel
Orc:2:    st_orc_pillars, layout_diamond_mine, serial_shops, shop,
          nicolae_shop_trees, nicolae_shop_dealshenge,
          nicolae_shop_window_shopping, nicolae_shop_hallway_stairs,
          basic_altar, elves_outpost_lemuel

Skill      XL: |  1  2  3  4  5  6  7  8  9 10 11 12 13 14 15 16 |
---------------+-------------------------------------------------+-----
Maces & Flails | 2 3 |  3.0
Spellcasting   | 1 2 4 5 6 7 8 9 10 11 12 | 12.0
Fire Magic     | 1 2 4 5 7 8 9 10 | 10.1
Conjurations   | 2 4 5 6 7 8 9 10 11 12 | 12.3
Earth Magic    | 2 4 6 7 8 |  8.6
Evocations     | 4 7 9 11 12 14 | 14.0
Fighting       | 6 7 9 10 | 10.0
Alchemy        | 5 7 8 |  8.6
Armour         | |  2.6
Shields        | |  2.1

Action                     |  1- 3 |  4- 6 |  7- 9 | 10-12 | 13-15 | 16-18 || total
---------------------------+-------+-------+-------+-------+-------+-------++-------
  Melee: Flail             |    52 |       |       |       |       |       ||    52
         Hand axe          |    46 |    44 |       |       |       |       ||    90
         Dagger            |     8 |    80 |   409 |   143 |       |       ||   640
         Staff             |       |       |       |   100 |    65 |     8 ||   173
  Throw: Throwing net      |       |       |       |     2 |       |       ||     2
   Cast: Scorch            |       |     4 |    75 |    12 |    10 |     2 ||   103
         Stone Arrow       |       |       |     3 |   275 |   869 |    81 ||  1228
         Starburst         |       |       |       |       |     3 |     3 ||     6
         Eringya's Noxious |       |       |       |       |     1 |     4 ||     5
Ability: Invent Gizmo      |       |       |       |       |     1 |       ||     1
  Evoke: Wand              |       |       |    10 |    18 |    27 |     6 ||    61
    Use: Scroll            |       |     6 |    10 |    19 |     7 |     2 ||    44
         Potion            |       |       |     5 |     6 |     3 |     3 ||    17
   Stab: Invisible         |       |       |       |     8 |     2 |       ||    10
 Armour: Scale mail        |    49 |    42 |   279 |    14 |       |       ||   384
         Swamp dragon scal |       |       |       |   284 |   540 |   101 ||   925
  Dodge: Dodged            |    38 |    21 |   113 |   139 |   198 |    39 ||   548
  Block: Buckler           |     4 |       |       |       |       |       ||     4

Table legend: (Time is in decaauts)
 A = Elapsed time spent in this place.
 B = Non-inter-level travel time spent in this place.
 C = Inter-level travel time spent in this place.
 D = Time resting spent in this place.
 E = Time spent auto-exploring this place.
 F = Levels seen in this place.
 G = Mean time per level.
                   A        B        C        D        E       F      G
               +--------+--------+--------+--------+--------+-----+--------+
         Total |  38621 |  37021 |   1600 |  16402 |  15894 |  25 | 1544.8 |
       Dungeon |  23414 |  22336 |   1078 |   9244 |  10409 |  15 | 1560.9 |
          Lair |  11671 |  11295 |    376 |   6089 |   4046 |   5 | 2334.2 |
     Snake Pit |     10 |     10 |      0 |      0 |      0 |   1 |   10.0 |
  Orcish Mines |   2316 |   2171 |    145 |    753 |    837 |   2 | 1158.0 |
         Sewer |    488 |    488 |      0 |      0 |    364 |   1 |  488.0 |
        Bailey |    720 |    720 |      0 |    316 |    237 |   1 |  720.0 |
               +--------+--------+--------+--------+--------+-----+--------+

Top non-repeatable levels by time:
  Lair:5: 3313 daAuts
  Lair:4: 2830 daAuts
     D:5: 2651 daAuts
    D:14: 2381 daAuts
  Lair:3: 2190 daAuts
     D:9: 2155 daAuts
    D:10: 2125 daAuts
    D:11: 2010 daAuts
     D:8: 1997 daAuts
  Lair:1: 1850 daAuts
     D:6: 1830 daAuts
   Orc:2: 1787 daAuts
     D:7: 1621 daAuts
  Lair:2: 1486 daAuts
     D:3: 1161 daAuts
